[Event "Team 45 45 League T76"]
[Site "Internet Chess Club"]
[Date "2018.05.13"]
[Round "8"]
[White "SlimeDog2"]
[Black "Sloggi"]
[Result "1-0"]
[WhiteElo "2035"]
[BlackElo "1880"]
[Opening "QGA: 3.e4"]
[ECO "D20"]
[Time "23:45:47"]
[TimeControl "2700+45"]

1. d4 d5 2. c4 dxc4 3. e4 e5 4. Nf3 exd4 5. Bxc4 Nc6 6. O-O Be6 7. Bb5 Bc5 8.
Nbd2 Ne7 9. Nb3 Bxb3 10. Qxb3 a6 11. Bd3 O-O 12. e5 Ng6 13. e6 Nce5 14. exf7+
Kh8 15. Ng5 Nxd3 16. Qxd3 Qf6 17. Qh3 h6 18. Ne6 Be7 19. Bxh6 Qxf7 20. Bxg7+ Kg8
21. Bxf8 Bxf8 22. Nxd4 Bc5 23. Nf5 Bf8 24. Rad1 {Black resigns} 1-0

[Event "Team 45 45 League T76"]
[Site "Internet Chess Club"]
[Date "2018.05.10"]
[Round "8"]
[White "Yedixon"]
[Black "backrankbrawler"]
[Result "1/2-1/2"]
[WhiteElo "1714"]
[BlackElo "1745"]
[Opening "French: Rubinstein variation"]
[ECO "C10"]
[Time "21:03:26"]
[TimeControl "2700+45"]

1. e4 e6 2. d4 d5 3. Nc3 dxe4 4. Nxe4 Nd7 5. Bd3 Ngf6 6. Nf3 Nxe4 7. Bxe4 Nf6 8.
Bd3 c5 9. c3 cxd4 10. Nxd4 Be7 11. Bf4 a6 12. Qe2 O-O 13. O-O-O Bd7 14. f3 Rc8
15. g4 Qa5 16. Kb1 b5 17. Be5 g6 18. Nb3 Qb6 19. Bxf6 Bxf6 20. Bxg6 hxg6 21.
Rxd7 a5 22. Rhd1 a4 23. Nd4 b4 24. cxb4 Qxb4 25. Qb5 Qxb5 26. Nxb5 Bxb2 27. Kxb2
Rb8 28. Ka3 Rxb5 29. Kxa4 Rb2 30. Ka3 Rxh2 31. Rd8 Rf2 32. Rxf8+ Kxf8 33. Rd3
Ke7 34. Kb3 f5 35. g5 e5 36. a4 Rg2 37. a5 Rxg5 38. a6 Rh5 39. a7 Rh8 40. Kc4
Ra8 41. Ra3 e4 42. f4 Kd7 43. Ra6 Kc7 44. Rxg6 Rxa7 45. Rf6 Ra5 46. Kb4 Rd5 47.
Kc4 Ra5 48. Kb4 Rd5 49. Kc4 Ra5 50. Kb4 {Game drawn by repetition} 1/2-1/2

[Event "Team 45 45 League T76"]
[Site "Internet Chess Club"]
[Date "2018.05.14"]
[Round "8"]
[White "swagnik"]
[Black "Fianchettoed"]
[Result "1-0"]
[WhiteElo "1622"]
[BlackElo "1735"]
[Opening "KP: Nimzovich defense"]
[ECO "B00"]
[Time "18:32:08"]
[TimeControl "2700+45"]

1. e4 Nc6 2. Nf3 d6 3. Bc4 Nf6 4. d3 Bg4 5. Nbd2 e6 6. Bb3 Be7 7. c3 d5 8. Qe2
d4 9. h3 Bxf3 10. Nxf3 e5 11. Nh4 Nxe4 12. Nf5 Nd6 13. Nxg7+ Kf8 14. Bh6 Kg8 15.
Qg4 {Black resigns} 1-0

[Event "Team 45 45 League T76"]
[Site "Internet Chess Club"]
[Date "2018.05.13"]
[Round "8"]
[White "Konstantinos"]
[Black "justice02"]
[Result "1/2-1/2"]
[WhiteElo "1657"]
[BlackElo "1723"]
[Opening "QGD Slav defense"]
[ECO "D10"]
[Time "15:02:20"]
[TimeControl "2700+45"]

1. d4 d5 2. c4 c6 3. Nc3 a6 4. a4 Nf6 5. e3 h5 6. cxd5 cxd5 7. Be2 Nc6 8. Nf3
Bf5 9. Bd3 Bg4 10. Be2 e6 11. h3 Bf5 12. Bd3 Bxd3 13. Qxd3 Bb4 14. O-O Rc8 15.
Bd2 Be7 16. Qe2 Na5 17. Rab1 Nc4 18. Rfd1 Nxd2 19. Nxd2 g5 20. Qd3 g4 21. h4 Nh7
22. g3 f5 23. Ne2 Nf6 24. Nf4 Kf7 25. Rdc1 Qd7 26. Qb3 Rhe8 27. Qd1 Bd6 28. Nd3
Kg7 29. Rxc8 Rxc8 30. Rc1 Rxc1 31. Nxc1 Ne4 32. Nxe4 fxe4 33. Qc2 e5 34. Ne2 b5
35. b3 bxa4 36. bxa4 exd4 37. Nxd4 Be5 38. Ne2 Kf6 39. Kg2 Ke6 40. Kh2 Kd6 41.
Kg2 Qd8 42. Kh2 Qxh4+ 43. Kg2 Qd8 44. Nf4 Bxf4 45. exf4 Qe8 46. Qb3 Qc6 47. Qb4+
Ke6 48. Qb8 d4 49. Qe5+ Kf7 50. Qxh5+ Kf8 51. Qh8+ Kf7 52. Qh5+ Kf8 53. Qh8+ Kf7
54. Qh5+ {Game drawn by repetition} 1/2-1/2

[Event "Team 45 45 League T76"]
[Site "Internet Chess Club"]
[Date "2018.05.12"]
[Round "8"]
[White "MovingDutchman"]
[Black "JJ12"]
[Result "1-0"]
[WhiteElo "2119"]
[BlackElo "2118"]
[Opening "Nimzo-Indian: classical, Adorjan gambit"]
[ECO "E32"]
[Time "19:00:41"]
[TimeControl "2700+45"]

1. d4 Nf6 2. c4 e6 3. Nc3 Bb4 4. Qc2 O-O 5. a3 Bxc3+ 6. Qxc3 b5 7. cxb5 c6 8. g3
Nd5 9. Qd3 cxb5 10. Bg2 Bb7 11. e4 Nb6 12. Nf3 Qc8 13. O-O Qc4 14. Qe3 Qc2 15.
Re1 Nc4 16. Qe2 Qb3 17. Nd2 Nxd2 18. Bxd2 f5 19. Bb4 Re8 20. exf5 Bxg2 21. Kxg2
Nc6 22. Bc3 exf5 23. Qf3 Qf7 24. d5 Ne7 25. Rad1 Ng6 26. d6 a6 27. Re2 Rxe2 28.
Qxa8+ Qe8 29. Qxa6 Qe4+ 30. Kg1 Qf3 31. Qc8+ Nf8 32. Rf1 h5 33. Qd8 f4 34. Qg5
Ne6 35. Qh4 Kh7 36. Qe7 Kh6 37. Qf7 h4 38. Qf5 hxg3 39. hxg3 g6 40. Qf6 Qg4 41.
Be5 f3 42. Rc1 Qh5 43. Bf4+ Kh7 44. Qf7+ Ng7 45. Qxd7 Re6 46. Qd8 Qf5 47. d7 Rf6
48. Rc8 g5 49. Bxg5 Qb1+ 50. Kh2 Rh6+ 51. Bxh6 Qf1 52. Qh8+ {Black resigns} 1-0

[Event "Team 45 45 League T76"]
[Site "Internet Chess Club"]
[Date "2018.05.12"]
[Round "8"]
[White "Monterrey"]
[Black "texasnurse"]
[Result "0-1"]
[WhiteElo "1943"]
[BlackElo "2138"]
[Opening "King's Indian: Makagonov system (5.h3)"]
[ECO "E71"]
[Time "19:01:56"]
[TimeControl "2700+45"]

1. d4 Nf6 2. c4 g6 3. Nc3 Bg7 4. e4 d6 5. h3 Nbd7 6. Be3 e5 7. d5 O-O 8. Nf3 Nc5
9. Qc2 a5 10. Be2 Nh5 11. g3 b6 12. Nd2 Nf6 13. g4 h6 14. O-O-O Bd7 15. Rdg1 Qc8
16. f3 a4 17. h4 a3 18. b4 Na4 19. b5 Nxc3 20. Qxc3 Kh7 21. Nf1 Ra5 22. h5 g5
23. Ng3 Qb7 24. Bd2 Rfa8 25. Qd3 R5a7 26. Kd1 Bc8 27. Ke1 Kg8 28. Kf2 Nd7 29.
Bd1 Nc5 30. Qe3 Bf6 31. Bc2 Bd7 32. Qe2 Qc8 33. Bc3 Qd8 34. Nf5 Bxf5 35. gxf5
Kh7 36. Rg4 Be7 37. Rhg1 Qe8 38. Rh1 Qd8 39. Rhg1 Qe8 40. f4 gxf4 41. Rg7+ Kh8
42. Qg4 Bf6 43. Qg2 Na4 44. Bd2 Qd8 45. Rxf7 Bg5 46. f6 c5 47. Rxa7 Rxa7 48. f7
Nb2 49. Bb3 Rxf7 50. Qg4 Rg7 51. Qe6 Bh4+ 52. Kf1 Rxg1+ 53. Kxg1 Qg5+ 54. Kf1
Qxh5 55. Qc8+ Kh7 56. Qd7+ Kg8 57. Qc8+ Kg7 58. Qd7+ Kf8 59. Qc8+ Qe8 60. Qc7
Be7 61. Qxb6 Qh5 62. Qb8+ Kf7 63. Qc8 Qh1+ 64. Ke2 Qg2+ {White resigns} 0-1

[Event "Team 45 45 League T76"]
[Site "Internet Chess Club"]
[Date "2018.05.11"]
[Round "8"]
[White "cool64chess"]
[Black "laurenpar"]
[Result "1-0"]
[WhiteElo "1941"]
[BlackElo "1843"]
[Opening "Dutch defense, Rubinstein variation"]
[ECO "A40"]
[Time "22:21:51"]
[TimeControl "2700+45"]

1. d4 e6 2. c4 f5 3. Nc3 Nf6 4. Bg5 Bb4 5. Qb3 Nc6 6. Nf3 h6 7. Bd2 O-O 8. e3 b6
9. Bd3 Bb7 10. O-O Bxc3 11. Bxc3 Ne7 12. Nd2 Ne4 13. f3 Nxc3 14. Qxc3 Ng6 15. f4
c5 16. dxc5 bxc5 17. Rad1 Qc7 18. Be2 d6 19. Bf3 Rab8 20. Bxb7 Rxb7 21. Nf3 Nh8
22. Rfe1 Qc6 23. b3 Nf7 24. Qd3 Qe4 25. Qxe4 fxe4 26. Nd2 d5 27. cxd5 exd5 28.
Nb1 Rd7 29. Nc3 Rfd8 30. Rd2 Kf8 31. Red1 Ke7 32. Rxd5 Rxd5 33. Nxd5+ Ke6 34.
Nc7+ Ke7 35. Rxd8 Nxd8 36. Nd5+ Ke6 37. Nc3 Kf5 38. Nb5 {Black resigns} 1-0

[Event "Team 45 45 League T76"]
[Site "Internet Chess Club"]
[Date "2018.05.13"]
[Round "8"]
[White "bobhill"]
[Black "justice02"]
[Result "1-0"]
[WhiteElo "1815"]
[BlackElo "1711"]
[Opening "Queen's pawn game, Krause variation"]
[ECO "D02"]
[Time "20:36:41"]
[TimeControl "2700+45"]

1. d4 d5 2. Nf3 c5 3. Bg5 Nf6 4. e3 h6 5. Bh4 Nbd7 6. c3 e6 7. Bd3 Be7 8. Nbd2
O-O 9. O-O a6 10. Ne5 Nxe5 11. dxe5 Nd7 12. Bxe7 Qxe7 13. f4 b5 14. Qe2 Bb7 15.
Rad1 Rad8 16. Nf3 c4 17. Bb1 Nc5 18. Nd4 Ne4 19. Qg4 f5 20. exf6 Rxf6 21. f5 Nc5
22. fxe6 Rdf8 23. Nf5 Rxf5 24. Rxf5 Nxe6 25. Rxf8+ Nxf8 26. Qg3 g5 27. Rf1 a5
28. h4 b4 29. hxg5 hxg5 30. Rf5 Nh7 31. Re5 Qd8 32. Bxh7+ Kxh7 33. Rxg5 {Black
resigns} 1-0

[Event "Team 45 45 League T76"]
[Site "Internet Chess Club"]
[Date "2018.05.14"]
[Round "8"]
[White "PolishRyszard"]
[Black "IndianTaker"]
[Result "1-0"]
[WhiteElo "1792"]
[BlackElo "1692"]
[Opening "Grünfeld: exchange variation"]
[ECO "D85"]
[Time "17:15:18"]
[TimeControl "2700+45"]

1. d4 Nf6 2. c4 g6 3. Nc3 d5 4. cxd5 Nxd5 5. e4 Nxc3 6. bxc3 Bg7 7. Bg5 c5 8.
Rc1 O-O 9. Nf3 Nc6 10. d5 Na5 11. Qd2 Re8 12. Be2 b6 13. O-O Qd6 14. Rfe1 a6 15.
e5 Qd7 16. c4 Qc7 17. Bf4 Qd8 18. h3 e6 19. Red1 Bd7 20. Re1 f6 21. Bf1 fxe5 22.
Nxe5 Ra7 23. g4 exd5 24. cxd5 Bxe5 25. Bxe5 Bb5 26. Bxb5 axb5 27. Ba1 Nc4 28.
Qc3 Rxe1+ 29. Rxe1 Qf8 30. Qh8+ Kf7 31. Qxh7+ {Black resigns} 1-0

[Event "Team 45 45 League T76"]
[Site "Internet Chess Club"]
[Date "2018.05.12"]
[Round "8"]
[White "Portola"]
[Black "cadmiumorange"]
[Result "1/2-1/2"]
[WhiteElo "1730"]
[BlackElo "1799"]
[Opening "Modern defense"]
[ECO "A40"]
[Time "14:00:15"]
[TimeControl "2700+45"]

1. d4 g6 2. Nf3 Bg7 3. c3 d6 4. Bf4 Nd7 5. e3 Ngf6 6. h3 O-O 7. Nbd2 Qe8 8. Bc4
e5 9. dxe5 dxe5 10. Bh2 Qe7 11. O-O a6 12. a4 e4 13. Nd4 Ne5 14. Qe2 c5 15. N4b3
Bd7 16. Rfd1 Bc6 17. Bxe5 Qxe5 18. Nf1 Rfd8 19. a5 Qg5 20. Rxd8+ Rxd8 21. Rd1
Rxd1 22. Qxd1 Nd7 23. Qg4 Qe7 24. Nbd2 Ne5 25. Qe2 Qg5 26. Ng3 Qh4 27. Qf1 h5
28. Qe2 Kh7 29. Bb3 f5 30. Bc2 Qg5 31. Kh1 h4 32. Ngf1 Nd3 33. Bb3 f4 34. exf4
Qxf4 35. Kg1 Bh6 36. Ne3 Nxf2 37. Qc4 Nxh3+ 38. Kh1 Nf2+ 39. Kg1 Qf8 40. Ndf1
Bb5 41. Qd5 Bxf1 42. Nxf1 e3 43. Qxb7+ Kh8 44. Qxa6 Ng4 45. Qe2 Qf2+ 46. Qxf2
exf2+ 47. Kh1 Bf4 48. Bc4 Bb8 49. a6 Kg7 50. Be2 Nh6 51. Nd2 Nf5 52. Nf1 Ng3+
53. Nxg3 hxg3 54. b4 cxb4 55. cxb4 Ba7 56. b5 Kf6 57. Bc4 Ke5 58. Bf1 Kd4 59.
Be2 Ke3 60. Bc4 Kd2 61. Bf1 Ke1 62. Bc4 Bb6 63. Bd3 f1=Q+ 64. Bxf1 Kxf1 65. a7
Bxa7 66. b6 Bb8 67. b7 Ke2 68. Kg1 Kd3 69. Kh1 Kc4 70. Kg1 Kb5 71. Kf1 Kb6 72.
Ke2 Kxb7 73. Kf3 g5 74. Ke2 Kc6 75. Kf1 Kd5 76. Kg1 Ke5 77. Kh1 Kf5 78. Kg1 Be5
79. Kh1 Ke4 80. Kg1 Bd4+ 81. Kh1 {Game drawn by mutual agreement} 1/2-1/2

[Event "Team 45 45 League T76"]
[Site "Internet Chess Club"]
[Date "2018.05.11"]
[Round "8"]
[White "zethhon"]
[Black "idjit"]
[Result "0-1"]
[WhiteElo "1333"]
[BlackElo "1502"]
[Opening "Nimzo-Indian: Sämisch variation"]
[ECO "E24"]
[Time "20:03:58"]
[TimeControl "2700+45"]

1. d4 Nf6 2. c4 e6 3. Nc3 Bb4 4. a3 Bxc3+ 5. bxc3 Nc6 6. Bg5 b6 7. Qc2 Ba6 8. e4
h6 9. Bh4 g5 10. Bg3 Na5 11. Nf3 Bxc4 12. Bxc4 Nxc4 13. Qa4 Na5 14. c4 Nxe4 15.
Be5 f6 16. Bg3 Nxg3 17. hxg3 Qe7 18. O-O O-O 19. Rfe1 Rfe8 20. c5 d5 21. Ra2 Nc4
22. Rae2 Qf7 23. Qc6 Rad8 24. Rxe6 Rxe6 25. Rxe6 Na5 {White resigns} 0-1

[Event "Team 45 45 League T76"]
[Site "Internet Chess Club"]
[Date "2018.05.13"]
[Round "8"]
[White "cpic2363"]
[Black "herrahuu"]
[Result "1/2-1/2"]
[WhiteElo "1495"]
[BlackElo "1485"]
[Opening "Sicilian: Alapin's variation (2.c3)"]
[ECO "B22"]
[Time "12:00:50"]
[TimeControl "2700+45"]

1. e4 c5 2. c3 g6 3. d4 cxd4 4. cxd4 Bg7 5. Nf3 Nc6 6. Be2 d6 7. O-O Bg4 8. Bb5
Bxf3 9. Qxf3 a6 10. Bxc6+ bxc6 11. e5 d5 12. Nc3 e6 13. Bf4 Ne7 14. Bg5 h6 15.
Bf6 O-O 16. Na4 Bxf6 17. exf6 Nf5 18. Rad1 Qxf6 19. Nc5 Qe7 20. Nb3 a5 21. Qc3
a4 22. Nc5 Nd6 23. Rfe1 Nb5 24. Qc2 a3 25. b4 Nd6 26. f4 Rfb8 27. Rb1 Qh4 28. g3
Qd8 29. Nxe6 Qf6 30. Qxc6 fxe6 31. Qxd6 Qxd4+ 32. Kh1 Rb6 33. Qe7 Qd3 34. Rbc1
Qd2 35. Red1 Qxb4 36. Qxb4 Rxb4 37. Rc7 Rb2 38. Rdc1 Rxa2 39. Re7 Re2 40. Rcc7
a2 41. Rg7+ Kf8 42. Rgf7+ Ke8 43. Rfe7+ Kd8 44. Red7+ Ke8 45. Re7+ Kd8 46. Red7+
Ke8 47. Re7+ Kd8 48. Red7+ {Game drawn by repetition} 1/2-1/2

[Event "Team 45 45 League T76"]
[Site "Internet Chess Club"]
[Date "2018.05.12"]
[Round "8"]
[White "bradleyguo175"]
[Black "calsal"]
[Result "1-0"]
[WhiteElo "1835"]
[BlackElo "1755"]
[Opening "King's Indian: orthodox, Aronin-Taimanov, bayonet attack"]
[ECO "E97"]
[Time "09:07:14"]
[TimeControl "2700+45"]

1. d4 Nf6 2. c4 g6 3. Nc3 Bg7 4. e4 d6 5. Be2 O-O 6. Nf3 e5 7. O-O Nc6 8. d5 Ne7
9. b4 Nh5 10. Re1 f5 11. Ng5 Nf4 12. Bxf4 exf4 13. Rc1 h6 14. Ne6 Bxe6 15. dxe6
Bxc3 16. Rxc3 fxe4 17. Bf1 Nc6 18. Rxe4 Qf6 19. Rc1 Rae8 20. c5 Qf5 21. Re1 d5
22. b5 Ne7 23. Bd3 Qf6 24. Qg4 f3 25. g3 h5 26. Qa4 h4 27. Qxa7 hxg3 28. hxg3
Nf5 29. Qxb7 Nxg3 30. Qxc7 Nh5 31. Qe5 Qh4 32. Qh2 Qf6 33. c6 Nf4 34. Bf1 Re7
35. c7 Rh7 36. Qg3 Nh5 37. Qg4 Qf4 38. Qxf4 Nxf4 39. c8=Q Rh5 40. Qxf8+ Kxf8 41.
e7+ Kg7 42. e8=Q Rg5+ 43. Kh2 Rh5+ 44. Kg3 {Black resigns} 1-0

[Event "Team 45 45 League T76"]
[Site "Internet Chess Club"]
[Date "2018.05.14"]
[Round "8"]
[White "MathBandit"]
[Black "filmdirector"]
[Result "0-1"]
[WhiteElo "1533"]
[BlackElo "1729"]
[Opening "Vienna game"]
[ECO "C26"]
[Time "19:13:35"]
[TimeControl "2700+45"]

1. e4 e5 2. Bc4 Nf6 3. Nc3 Bc5 4. Nf3 d6 5. O-O O-O 6. Re1 Ng4 7. d4 exd4 8. Na4
Nc6 9. e5 Bb4 10. c3 dxc3 11. bxc3 Ba5 12. exd6 cxd6 13. h3 Nge5 14. Bb3 Qf6 15.
Nxe5 Nxe5 16. Qd5 Bc7 17. Bb2 Qg6 18. Kh1 Nd3 19. Qf3 Nxe1 20. Rxe1 Rb8 21. Ba3
b5 22. Nb2 Bb7 23. Bd5 Bxd5 24. Qxd5 Rfe8 25. Rxe8+ Rxe8 26. Qc6 Rc8 27. c4 Qb1+
28. Kh2 d5+ 29. g3 Bxg3+ {White resigns} 0-1

[Event "Team 45 45 League T76"]
[Site "Internet Chess Club"]
[Date "2018.05.14"]
[Round "8"]
[White "anishio"]
[Black "SirIvanhoe"]
[Result "1/2-1/2"]
[WhiteElo "1565"]
[BlackElo "1566"]
[Opening "Caro-Kann: advance variation"]
[ECO "B12"]
[Time "18:18:58"]
[TimeControl "2700+45"]

1. e4 c6 2. d4 d5 3. e5 Bf5 4. Nf3 e6 5. Be2 c5 6. Be3 cxd4 7. Bxd4 Nc6 8. Be3
Nge7 9. c3 Ng6 10. Bd4 Be7 11. O-O O-O 12. Re1 Bg4 13. Nbd2 Nf4 14. Bf1 Nxd4 15.
cxd4 Bb4 16. Qb3 Qb6 17. Red1 Rfc8 18. a3 Ba5 19. Qxb6 Bxb6 20. Rac1 Ng6 21. h3
Bxf3 22. Nxf3 a6 23. Bd3 Nf4 24. Bf1 h6 25. Rc3 Rxc3 26. bxc3 Ba5 27. Rb1 b5 28.
a4 bxa4 29. c4 dxc4 30. Bxc4 Bc3 31. Rc1 Bb2 32. Rc2 a3 33. Nd2 Bxd4 34. Ra2
Bxe5 35. Rxa3 a5 36. Bb5 Nd5 37. Nc4 Bc3 38. Bc6 Rc8 39. Bxd5 exd5 40. Nxa5 d4
41. Nb3 d3 42. Ra2 Rd8 43. Nd2 f5 44. Kf1 Kf7 45. f3 Ke6 46. Kf2 Bd4+ 47. Kg3
Be3 48. f4 Rd4 49. Nf3 Bxf4+ 50. Kf2 Re4 51. g3 Be3+ 52. Ke1 Rb4 53. Nd2 f4 54.
gxf4 Bxf4 55. Ra3 Bxd2+ 56. Kxd2 Rd4 57. Rxd3 Rxd3+ 58. Kxd3 Kf5 59. Ke3 Kg5 60.
Kf3 Kh4 61. Kg2 h5 62. Kh2 Kg5 63. Kg3 h4+ 64. Kf3 Kf5 65. Ke3 g6 66. Kf3 g5 67.
Ke3 Ke5 68. Kf3 Kf5 69. Ke3 g4 70. hxg4+ Kxg4 71. Kf2 h3 72. Kg1 Kf3 73. Kh2 Kg4
74. Kg1 Kg3 75. Kh1 h2 {White stalemated} 1/2-1/2

[Event "Team 45 45 League T76"]
[Site "Internet Chess Club"]
[Date "2018.05.11"]
[Round "8"]
[White "Chess4Him"]
[Black "pokerram"]
[Result "1/2-1/2"]
[WhiteElo "1528"]
[BlackElo "1577"]
[Opening "King's Indian: London system"]
[ECO "A45"]
[Time "21:00:20"]
[TimeControl "2700+45"]

1. d4 Nf6 2. Bf4 g6 3. Nf3 Bg7 4. e3 O-O 5. Be2 d5 6. c3 Nbd7 7. Nbd2 c5 8. h3
Qb6 9. Qb3 c4 10. Qc2 Qc6 11. b3 b5 12. a4 Ba6 13. O-O Rfe8 14. Rfb1 Ne4 15.
Nxe4 dxe4 16. Nd2 f5 17. bxc4 bxc4 18. Rb4 e5 19. Bh2 Nb6 20. a5 Nd5 21. Bxc4
exd4 22. Bxd5+ Qxd5 23. cxd4 Rec8 24. Qb3 Qxb3 25. Nxb3 Bf8 26. Nc5 Bxc5 27.
dxc5 Rxc5 28. Rb8+ Rc8 29. Rxa8 Rxa8 30. Rb1 Bd3 31. Rb8+ Rxb8 32. Bxb8 a6 33.
f4 Kf7 34. Be5 Ke6 35. h4 h5 36. Kf2 Bb5 37. Ke1 Kd5 38. Kd2 Kc4 39. Bd4 Ba4 40.
Bb6 Bb5 41. g3 Ba4 42. Bd8 Bb3 43. Bb6 Ba4 44. Bd4 {Game drawn by mutual
agreement} 1/2-1/2

[Event "Team 45 45 League T76"]
[Site "Internet Chess Club"]
[Date "2018.05.10"]
[Round "8"]
[White "Balderdash"]
[Black "smsxman"]
[Result "0-1"]
[WhiteElo "1222"]
[BlackElo "1265"]
[Opening "King's pawn game"]
[ECO "C21"]
[Time "13:00:13"]
[TimeControl "2700+45"]

1. e4 e5 2. d4 Nc6 3. d5 Nce7 4. Nc3 Ng6 5. Nf3 Bb4 6. a3 Bxc3+ 7. bxc3 Nf6 8.
Bd3 d6 9. h3 O-O 10. h4 Bg4 11. Bg5 Nf4 12. Bf1 h6 13. Bxf4 exf4 14. Qd3 Nxe4
15. O-O-O Nxf2 16. Qe4 Nxe4 17. Rd4 Bxf3 18. gxf3 Nxc3 19. Rxf4 Nxd5 20. Rf5 c6
21. Bc4 Qd7 22. Rh5 Nf4 23. Ra5 b6 24. Ra4 b5 25. Bxb5 cxb5 26. Rxf4 Rac8 27.
Rh2 Qe7 28. Re4 Qf6 29. Rg2 Qxf3 30. Reg4 g6 31. h5 g5 32. R4g3 Qf1+ 33. Kb2 f6
34. Rg1 Qe2 35. Rc3 Qe5 36. Rg3 Rxc3 37. Rxc3 Qxc3+ 38. Kxc3 Re8 39. Kb4 a6 40.
Ka5 Rc8 41. Kxa6 Rxc2 42. Kxb5 Rc5+ 43. Kb6 g4 44. a4 g3 45. a5 Rxa5 46. Kc7 d5
47. Kd7 Kf7 48. Kd6 g2 49. Kc6 g1=Q {White resigns} 0-1

[Event "Team 45 45 League T76"]
[Site "Internet Chess Club"]
[Date "2018.05.11"]
[Round "8"]
[White "rkjulianjr"]
[Black "pita"]
[Result "0-1"]
[WhiteElo "1313"]
[BlackElo "1314"]
[Opening "QGD: 3.Nc3"]
[ECO "D31"]
[Time "18:46:49"]
[TimeControl "2700+45"]

1. d4 d5 2. c4 e6 3. Nc3 Bb4 4. a3 Bxc3+ 5. bxc3 Nf6 6. e3 O-O 7. cxd5 exd5 8.
Bd3 Nc6 9. Ne2 Ne7 10. Qc2 Be6 11. Nf4 Qc8 12. Nxe6 Qxe6 13. c4 c6 14. O-O Rfe8
15. a4 b6 16. Ba3 Rac8 17. Bxe7 Qxe7 18. c5 bxc5 19. Qxc5 Qxc5 20. dxc5 Rb8 21.
Rab1 Nd7 22. Rfc1 Rxb1 23. Bxb1 g6 24. Bd3 Rb8 25. a5 Rb2 26. e4 d4 27. Rc4 Ne5
28. Rxd4 Nxd3 29. Rd8+ Kg7 30. g3 Nxc5 31. Rc8 Nxe4 32. Rxc6 Nxf2 33. Ra6 Nh3+
34. Kh1 Rb7 35. Kg2 Ng5 36. Rc6 Rb2+ 37. Kg1 Nf3+ 38. Kf1 Nxh2+ 39. Ke1 Nf3+ 40.
Kd1 Rb1+ 41. Rc1 Rxc1+ 42. Kxc1 Nd4 43. Kb2 Nc6 44. a6 Nb8 45. Kb3 Nxa6 46. Ka4
f5 47. Kb5 Nc7+ 48. Kb4 Kf6 49. Kc5 Kg5 50. Kd4 Kg4 51. Ke3 Kxg3 {White resigns}
0-1

[Event "Team 45 45 League T76"]
[Site "Internet Chess Club"]
[Date "2018.05.13"]
[Round "8"]
[White "Conjurer"]
[Black "oldprez1"]
[Result "0-1"]
[WhiteElo "1249"]
[BlackElo "1291"]
[Opening "Queen's pawn: London system"]
[ECO "A45"]
[Time "13:15:38"]
[TimeControl "2700+45"]

1. d4 Nf6 2. Bf4 g6 3. e3 Bg7 4. Nf3 O-O 5. c4 d6 6. Nc3 Nbd7 7. h3 Nh5 8. Bh2
Re8 9. d5 Nc5 10. g4 Nf6 11. Be2 Nfe4 12. Nxe4 Nxe4 13. Qc2 Nf6 14. O-O e5 15.
dxe6 Bxe6 16. Rad1 Nd7 17. b4 Qf6 18. Nd4 Qh4 19. Kg2 Bxd4 20. Rxd4 Ne5 21. Bg3
Qh6 22. f4 Nc6 23. Rd2 Nxb4 24. Qb3 a5 25. a3 Na6 26. Qxb7 Nc5 27. Qxc7 Ne4 28.
Rd4 Nxg3 29. Kxg3 Bxg4 30. Bxg4 Rxe3+ 31. Rf3 Re1 32. Kg2 Qh4 33. Rd2 Rae8 34.
Qb6 f5 35. Qf2 Qxf2+ 36. Rfxf2 fxg4 37. hxg4 Rc1 38. Rxd6 Rxc4 39. Rf3 Rce4 40.
Ra6 a4 41. Kg3 Kg7 42. g5 R8e7 43. Rb6 Re1 44. Kg2 R7e2+ 45. Rf2 Re3 46. Rb7+
Re7 47. Rxe7+ Rxe7 48. Rf3 Re2+ 49. Kf1 Ra2 50. Ke1 Kf7 51. Kd1 Ke6 52. Kc1 Kf5
53. Kb1 Re2 54. Rc3 Kxf4 55. Rh3 Kxg5 56. Rxh7 Kg4 57. Ra7 Re4 58. Kc2 Kf3 59.
Rf7+ Kg4 60. Kd3 Rf4 61. Rg7 g5 62. Ke3 Rf3+ 63. Ke4 Rxa3 64. Ra7 Kg3 65. Kf5 g4
66. Rg7 Rf3+ 67. Ke4 Rf4+ 68. Ke5 a3 69. Ra7 Rf3 70. Ra4 Re3+ 71. Kf5 Rf3+ 72.
Kg5 Kf2 73. Kxg4 Rg3+ 74. Kf4 Rb3 75. Ke4 Ke2 76. Kd4 Kd2 77. Kc4 Kc2 78. Ra8
Kb2 79. Rd8 a2 80. Rd2+ Ka3 81. Rd1 Rb2 82. Kc3 Rb1 83. Rxb1 axb1=Q {White
resigns} 0-1

[Event "Team 45 45 League T76"]
[Site "Internet Chess Club"]
[Date "2018.05.14"]
[Round "8"]
[White "vedv"]
[Black "tasawyer81"]
[Result "1-0"]
[WhiteElo "1029"]
[BlackElo "1157"]
[Opening "Philidor: Improved Hanham variation"]
[ECO "B07"]
[Time "18:00:15"]
[TimeControl "2700+45"]

1. e4 d6 2. d4 Nf6 3. Nc3 Nbd7 4. Nf3 e5 5. d5 c6 6. Be2 Be7 7. h3 Qc7 8. Be3 h6
9. O-O Nf8 10. a4 a5 11. Ra3 g5 12. Rb3 Rg8 13. Rb6 N6d7 14. Rb3 Ng6 15. dxc6
bxc6 16. Bc4 Nf4 17. g3 Nxh3+ 18. Kg2 Nf6 19. Bb6 Qd7 20. Rb5 Nf4+ 21. Kg1 Qh3
22. Ne1 cxb5 23. Bxb5+ Kf8 24. Qf3 Bg4 25. Qe3 Kg7 26. Bc6 Be6 27. gxf4 gxf4 28.
Qxh3 Kh7+ 29. Qg2 Rxg2+ 30. Nxg2 Rg8 31. Kh1 Bh3 32. Rg1 Ng4 33. f3 Bxg2+ 34.
Rxg2 Ne3 35. Rxg8 Kxg8 36. Bxa5 Nxc2 37. Bb6 Nb4 38. Bb5 Nc2 39. a5 Nb4 40. Nd5
Bh4 41. Nxb4 Be1 42. a6 Bxb4 43. a7 Kg7 44. a8=Q Be1 45. Qd5 Bg3 46. Be8 Kg6 47.
Qxf7+ Kg5 48. Qg6+ Kh4 49. Qh5# {Black checkmated} 1-0

[Event "Team 45 45 League T76"]
[Site "Internet Chess Club"]
[Date "2018.05.12"]
[Round "8"]
[White "drsigmund1"]
[Black "cpic2363"]
[Result "0-1"]
[WhiteElo "1526"]
[BlackElo "1496"]
[Opening "Queen's pawn, Mason variation"]
[ECO "D00"]
[Time "17:08:27"]
[TimeControl "2700+45"]

1. d4 d5 2. Bf4 e6 3. e3 Be7 4. Bd3 Nf6 5. h3 Nbd7 6. Nf3 O-O 7. Nbd2 c5 8. c3
c4 9. Bc2 b5 10. O-O b4 11. e4 dxe4 12. Nxe4 Bb7 13. Ned2 Nd5 14. Bh2 Rc8 15.
Be4 N7f6 16. Qc2 Qb6 17. Ne5 Bd6 18. Ndxc4 Rxc4 19. Nxc4 Bxh2+ 20. Kxh2 Qc7+ 21.
Ne5 Nxe4 22. Qxe4 f6 23. Qg4 Bc8 24. c4 Ne7 25. f4 fxe5 26. fxe5 Qxc4 27. Rac1
Qa6 28. Rxf8+ Kxf8 29. Rf1+ {White resigns} 0-1

[Event "Team 45 45 League T76"]
[Site "Internet Chess Club"]
[Date "2018.05.13"]
[Round "8"]
[White "mongmong"]
[Black "Ludlow"]
[Result "1/2-1/2"]
[WhiteElo "1484"]
[BlackElo "1392"]
[Opening "Dutch defense"]
[ECO "A81"]
[Time "09:33:34"]
[TimeControl "2700+45"]

1. d4 f5 2. g3 Nf6 3. Bg2 e6 4. Nf3 c6 5. O-O g6 6. c4 Bg7 7. Nc3 O-O 8. Bf4 d5
9. cxd5 Nxd5 10. Nxd5 cxd5 11. Rc1 Nc6 12. a3 Bd7 13. Be5 Nxe5 14. Nxe5 Bxe5 15.
dxe5 Qb6 16. Qd2 Bc6 17. e3 Rac8 18. Qd4 Qxd4 19. exd4 a6 20. Rc3 Bd7 21. Rfc1
Rxc3 22. Rxc3 Rc8 23. Rxc8+ Bxc8 24. Kf1 Bd7 25. Ke2 Bb5+ 26. Kd2 Kf7 27. Kc3 a5
28. Bf3 b6 29. h4 h6 30. Kd2 g5 31. hxg5 hxg5 32. Ke3 Ke7 33. Bd1 Kd7 34. Kd2
Kc7 35. Kc3 Kc6 36. Bh5 Kd7 37. Bd1 Kc6 38. b3 Bf1 39. b4 Bb5 40. a4 Bc4 41. Bb3
axb4+ 42. Kxb4 Bxb3 43. Kxb3 g4 44. Kb4 Kb7 45. Kb5 Kc7 46. Ka6 Kc6 47. Ka7 Kc7
48. Ka8 Kc8 49. Ka7 Kc7 50. Ka6 Kc6 51. Ka7 Kc7 {Game drawn by repetition}
1/2-1/2

[Event "Team 45 45 League T76"]
[Site "Internet Chess Club"]
[Date "2018.05.09"]
[Round "8"]
[White "LuFran"]
[Black "Kingofknights"]
[Result "1-0"]
[WhiteElo "1626"]
[BlackElo "1472"]
[Opening "QGD: exchange, positional line, 6.Qc2"]
[ECO "D36"]
[Time "19:01:14"]
[TimeControl "2700+45"]

1. d4 d5 2. c4 e6 3. Nc3 Nf6 4. cxd5 exd5 5. Bg5 c6 6. Qc2 Be7 7. e3 Ne4 8. Bxe7
Qxe7 9. Nxd5 cxd5 10. Qxc8+ Qd8 11. Bb5+ Nd7 12. Bxd7+ Ke7 13. Qxd8+ Rhxd8 14.
Bf5 Nf6 15. Ne2 g6 16. Bd3 Rd6 17. O-O Rad8 18. Rac1 Rb6 19. b3 Rdd6 20. Rc2 Ne8
21. Rfc1 f5 22. Kf1 h5 23. Nf4 Kf6 24. Rc8 Ng7 25. R1c5 Ne6 26. Nxd5+ {Black
resigns} 1-0